 Dungeon Crawl Stone Soup version 0.18.1-48-g4cf74bf (webtiles) character file.

127737 Heedrag the Devastator (level 16, -1/99 HPs)
             Began as a Deep Elf Conjurer on Aug 20, 2016.
             Was the Champion of Vehumet.
             Slain by a merfolk
             ... wielding a +0 trident
              (25 damage)
             ... on level 4 of the Shoals.
             The game lasted 02:09:39 (32641 turns).

Heedrag the Devastator (Deep Elf Conjurer)         Turns: 32641, Time: 02:09:40

Health: -1/99      AC:  5    Str:  8    XL:     16   Next: 46%
Magic:  41/45      EV: 16    Int: 25    God:    Vehumet [******]
Gold:   3345       SH:  6    Dex: 15    Spells: 9 memorised, 10 levels left

rFire  + . .     SeeInvis .     q - staff of conjuration
rCold  . . .     Gourm    .     L - +1 robe {rF+}
rNeg   . . .     Faith    .     T - +1 buckler
rPois  .         Spirit   .     (helmet restricted)
rElec  .         Dismiss  .     C - +0 cloak (curse)
rCorr  .         Reflect  .     F - +0 pair of gloves
SustAt .         Harm     .     x - +0 pair of boots
MR     +....     Clarity  +     y - amulet of magic regeneration
Stlth  ++........               B - ring of magical power
                                m - ring of wizardry

@: delayed fireball, somewhat resistant to hostile enchantments, unstealthy
A: antennae 1, clarity, deformed body, screaming 1
a: Renounce Religion, Release Delayed Fireball


You were on level 4 of the Shoals.
You worshipped Vehumet.
Vehumet was exalted by your worship.
You were not hungry.

You visited 4 branches of the dungeon, and saw 29 of its levels.
You also visited: Ossuary and Ice Cave.

You collected 3365 gold pieces.
You spent 20 gold pieces at shops.

Inventory:

Hand Weapons
 h - a +2 short sword of draining
 X - the cursed +2 spear "Ageosisu" {venom, rC+ Int+2 Dex+2}
   (You found it on level 14 of the Dungeon)

   It poisons the flesh of those it strikes.
   It affects your intelligence (+2).
   It affects your dexterity (+2).
   It protects you from cold.
   It has a curse placed upon it.
Armour
 x - a +0 pair of boots (worn)
 C - a cursed +0 cloak (worn)
 F - a +0 pair of gloves (worn)
 L - a +1 robe of fire resistance (worn)
 T - a +1 buckler (worn)
 U - a +0 troll leather armour {Snorg}
Magical Staves
 q - an uncursed staff of conjuration (weapon)
 v - an uncursed staff of wizardry
Jewellery
 l - an uncursed ring of protection from fire
 m - a ring of wizardry (left hand)
 n - an uncursed ring of protection from cold
 y - an amulet of magic regeneration (around neck)
 B - a ring of magical power (right hand)
 E - an uncursed ring of protection from fire
 P - an uncursed ring of resist corrosion
 W - an uncursed ring of positive energy
Wands
 s - a wand of digging (10/24)
 w - a wand of iceblast (7/15)
 A - a wand of hasting (4/9)
 J - a wand of teleportation (5/9)
 O - a wand of iceblast (11/15)
Scrolls
 a - a scroll of enchant weapon
 b - 3 scrolls of recharging
 e - 10 scrolls of remove curse
 j - 15 scrolls of identify
 o - 3 scrolls of acquirement
 G - 7 scrolls of teleportation
 H - 2 scrolls of enchant armour
 N - 4 scrolls of blinking
 R - a scroll of magic mapping
Potions
 d - 4 potions of heal wounds
 g - 14 potions of curing
 i - a potion of ambrosia {unknown}
 r - 2 potions of magic
 t - 3 potions of cancellation
 I - 3 potions of haste
 K - 2 potions of flight
 M - 2 potions of brilliance
Books
 f - a book of Geomancy

   Spells                             Type                      Level
   a - Sandblast                      Earth                        1
   b - Passwall                       Transmutation/Earth          2
   c - Stone Arrow                    Conjuration/Earth            3
   d - Petrify                        Transmutation/Earth          4
   e - Lee's Rapid Deconstruction     Earth                        5
Comestibles
 c - 13 bread rations
 k - 32 fruits
 p - 8 slices of pizza
 u - 15 royal jellies
 z - 9 meat rations
 D - 2 beef jerkies


   Skills:
 * Level 10.8 Fighting
 + Level 13.4 Dodging
 - Level 2.4 Stealth
 - Level 4.4 Shields
 + Level 14.9 Spellcasting
 * Level 17.3 Conjurations
 - Level 10.0 Charms
 - Level 7.7 Translocations
 + Level 11.4 Fire Magic


You had 10 spell levels left.
You knew the following spells:

 Your Spells              Type           Power        Failure   Level  Hunger
a - Magic Dart            Conj           ####         0%          1    None
b - Iskenderun's Mystic   Conj           ########     1%          4    None
c - Iskenderun's Battles  Conj/Chrm      #######.     1%          5    ##.....
d - Flame Tongue          Conj/Fire      #####        0%          1    None
e - Force Lance           Conj/Tloc      #######.     1%          4    None
f - Fireball              Conj/Fire      #######...   1%          5    ##.....
g - Bolt of Fire          Conj/Fire      #######...   1%          6    ####...
h - Delayed Fireball      Conj/Fire      N/A          1%          7    ######.
i - Iron Shot             Conj/Erth      #######...   2%          6    ####...


Dungeon Overview and Level Annotations

Branches:
Dungeon (15/15)            Temple (0/1) D:7            Lair (8/8) D:8
 Shoals (4/4) Lair:5       Spider (0/4) Lair:4        Slime (0/6) Lair:6
    Orc (2/2) D:11            Elf (0/3) Orc:2        Vaults (0/5) D:14
 Depths: D:15

Altars:
Ashenzari
Cheibriados
Dithmenos
Elyvilon
Makhleb
Nemelex Xobeh
Okawaru
Pakellas
Ru
Sif Muna
Vehumet
Xom
Yredelemnul
Zin
The Shining One
Beogh

Shops:
D:4 *   D:14 %   Orc:2 ([([

Annotations:
D:13 exclusion: 2 downstairs
Lair:8 nikopol's ghost, journeyman MiBe
Shoals:4 Ilsuiw


Innate Abilities, Weirdness & Mutations

You have a pair of small antennae on your head.
You possess an exceptional clarity of mind.
Armour fits poorly on your strangely shaped body.
You occasionally shout uncontrollably at your foes.


Message History

Some o' tha chunks o' flesh in yer inventory haf rotted away.
All o' tha chunks o' flesh in yer inventory haf rotted away.
HP restored.
Unknown command.
Ye climb downwards.
Tha tide be released from Ilsuiw's call.
Level annotation: Ilsuiw Tha merfolk hits ye wit' a trident!!
Thar be a stone staircase leadin' up, spatt'red wit' blood 'ere.
Castin': Iskenderun's Mestic Blast Confirm wit' . or Enter, or press ? or * ta list all spells.
Ye feel a surge o' power!
Ye conjure a globe o' magical energy.
Ilsuiw casts a spell at ye.
Tha shard o' ice hits ye!
Ouch! Tha re'lly hurt!
* * * LOW HITPOINT WARNIN'
* * * Ye block tha merfolk's attack.
Ye cannae go down 'ere!
Tha merfolk hits ye wit' a trident!!
Ye die...

.≈≈≈≈≈≈≈≈≈≈≈≈≈≈
#...≈≈≈≈≈≈≈≈≈≈≈≈≈
###....≈≈≈≈≈≈≈≈≈≈≈≈
.........≈≈≈≈≈≈≈≈≈≈
........≈≈≈≈≈≈≈≈≈≈≈
.......≈.≈≈≈≈≈≈≈≈≈.
.........≈≈≈≈...≈≈≈
........mm.@*....≈≈
..........m..####..
........######
.......†# ....(..m#
.......m. .....≈§§m
..≈≈≈≈≈≈≈§
#≈≈≈≈≈≈≈≈≈


You could see Ilsuiw, a merfolk impaler, a merfolk and a friendly battlesphere.

Vanquished Creatures
  An orc warlord (Orc:2)
  Maud (Lair:5)
  Nessos (Lair:7)
  An ettin (Orc:2)
  Snorg (Lair:6)
  2 merfolk impalers
  Josephine (Orc:2)
  Erolcha (Orc:1)
  9 hydras
  2 merfolk avatars (Shoals:1)
  3 death knights
  An alligator snapping turtle (Shoals:1)
  8 centaur warriors
  The ghost of PeterLawrence the Basher, a novice MiFi of Okawaru (D:9)
  A catoblepas (Lair:3)
  6 death yaks
  4 orc high priests (Orc:2)
  Urug (D:10)
  Nergalle (Lair:2)
  4 skeletal warriors (D:14)
  2 unseen horrors
  2 sea snakes
  8 hill giants
  A phantasmal warrior (D:13)
  A wizard (D:15)
  5 harpies (Shoals:4)
  An orc knight (D:14)
  A griffon (Lair:6)
  A hornet (shapeshifter) (D:10)
  3 orc sorcerers (Orc:2)
  6 fauns
  7 ugly things
  11 slime creatures
  A deep elf mage (D:13)
  4 elephants (Lair:5)
  A wolf spider (Lair:8)
  10 manticores
  13 black mambas
  2 cyclopes (D:15)
  A guardian serpent (Lair:8)
  9 sirens
  An ice statue (D:9)
  The ghost of Joat the Sneak, a novice VSMo of Makhleb (D:6)
  A torpor snail (Lair:4)
  13 spiny frogs
  3 centaur zombies
  A spiny frog (shapeshifter) (D:13)
  A gargoyle (D:14)
  4 centaur skeletons
  A freezing wraith (D:13)
  5 komodo dragons
  3 rime drakes
  A redback zombie (D:14)
  An ice devil (IceCv)
  3 spriggan druids (Lair:7)
  A jumping spider (Lair:4)
  12 merfolk
  6 trolls
  9 polar bears
  2 wind drakes (Shoals:3)
  A boulder beetle (shapeshifter) (D:13)
  Prince Ribbit (D:9)
  3 raiju (Lair:8)
  10 blink frogs
  A harpy skeleton (D:15)
  A boulder beetle (Lair:4)
  3 snapping turtles
  3 redbacks
  10 wraiths
  4 water elementals
  A vampire (D:15)
  12 spriggans
  2 hogs (D:7)
  17 humans
  10 wyverns
  41 yaks
  8 basilisks
  12 hippogriffs
  13 vampire mosquitoes
  6 wargs
  A mottled dragon (D:11)
  3 soldier ants
  7 hell hounds (Lair:8)
  16 water moccasins
  11 porcupines
  2 ice beasts
  31 orc warriors
  A sky beast (D:6)
  7 wasps
  14 black bears
  4 phantoms
  12 ogres
  10 crocodiles
  14 wolves
  10 centaurs
  5 big kobolds
  Blork the orc (D:3)
  25 giant frogs
  5 scorpions
  A water moccasin skeleton (D:11)
  10 wights
  11 killer bees
  An electric eel (Lair:6)
  4 crimson imps
  A lava snake (D:10)
  A wasp zombie (D:10)
  4 quasits
  20 hounds
  7 jellies
  19 orc wizards
  15 orc priests
  4 giant frog skeletons
  Jessica (D:2)
  Natasha (thrice) (D:3)
  10 iguanas
  12 worker ants
  5 hell rats (Lair:5)
  34 sheep
  2 hound zombies
  2 hound skeletons
  3 worker ant zombies
  A mummy (Ossuary)
  14 gnolls
  18 adders
  51 river rats
  6 shadow imps
  17 white imps
  3 ufetubi (IceCv)
  3 oozes
  An adder zombie (D:9)
  2 worms
  2 dart slugs
  8 giant geckos
  95 orcs
  11 bats
  11 giant cockroaches
  6 goblins
  13 hobgoblins
  20 jackals
  33 kobolds
  5 quokkas
  4 ball pythons
  4 giant newts
  5 gnoll skeletons (Ossuary)
  A jackal skeleton (D:7)
  9 kobold skeletons (Ossuary)
  11 orc skeletons (Ossuary)
  A quokka zombie (D:6)
  12 rats
  3 fungi
  6 plants
1093 creatures vanquished.

Vanquished Creatures (others)
  4 white imps (IceCv)
  3 ufetubi (IceCv)
  5 bushes (Lair:8)
  17 fungi
  38 plants
67 creatures vanquished.

Grand Total: 1160 creatures vanquished

Notes
Turn   | Place    | Note
--------------------------------------------------------------
     0 | D:1      | Heedrag the Deep Elf Conjurer began the quest for the Orb.
     0 | D:1      | Reached XP level 1. HP: 10/10 MP: 6/6
   183 | D:1      | Reached XP level 2. HP: 11/15 MP: 0/8
   545 | D:1      | Reached skill level 5 in Conjurations
   653 | D:1      | Reached XP level 3. HP: 19/19 MP: 5/10
  1090 | D:2      | Noticed Jessica
  1092 | D:2      | Killed Jessica
  1092 | D:2      | Reached XP level 4. HP: 24/24 MP: 9/12
  1268 | D:2      | Learned a level 4 spell: Iskenderun's Mystic Blast
  1713 | D:2      | Found a glowing golden altar of the Shining One.
  1759 | D:3      | Found a white marble altar of Elyvilon.
  1808 | D:3      | Noticed Blork the orc
  1924 | D:3      | Killed Blork the orc
  1924 | D:3      | Reached skill level 5 in Spellcasting
  1924 | D:3      | Reached skill level 6 in Conjurations
  1924 | D:3      | Reached XP level 5. HP: 24/28 MP: 10/14
  1931 | D:3      | Found a deep blue altar of Sif Muna.
  1987 | D:3      | Learned a level 5 spell: Iskenderun's Battlesphere
  2056 | D:3      | Found a snail-covered altar of Cheibriados.
  2136 | D:3      | Found a sacrificial altar of Ru.
  2241 | D:3      | Noticed Natasha
  2244 | D:3      | Killed Natasha
  2411 | D:3      | Noticed Natasha
  2412 | D:3      | Killed Natasha
  2412 | D:3      | Reached skill level 1 in Charms
  2412 | D:3      | Reached XP level 6. HP: 32/32 MP: 9/16
  2423 | D:3      | Noticed Natasha
  2424 | D:3      | Killed Natasha
  2746 | D:4      | Found a sacrificial altar of Ru.
  2803 | D:4      | Found Cotsadwe's General Store.
  2819 | D:4      | Reached skill level 7 in Conjurations
  3075 | D:4      | Found a radiant altar of Vehumet.
  3085 | D:4      | Became a worshipper of Vehumet
  3295 | D:4      | Found a glowing silver altar of Zin.
  3371 | D:4      | Reached XP level 7. HP: 36/36 MP: 8/18
  3440 | D:5      | Entered Level 5 of the Dungeon
  3999 | D:5      | Found an iron altar of Okawaru.
  4157 | D:5      | Reached skill level 8 in Conjurations
  4613 | D:5      | Reached skill level 1 in Fighting
  4747 | D:6      | Reached XP level 8. HP: 40/43 MP: 13/20
  4966 | D:6      | Found a shattered altar of Ashenzari.
  4984 | D:6      | Reached * piety under Vehumet
  4984 | D:6      | Offered knowledge of Sandblast by Vehumet.
  4985 | D:6      | Noticed Joat's ghost (novice VSMo)
  5343 | D:7      | Found a sand-covered staircase.
  5404 | Ossuary  | Entered an ossuary
  5688 | Ossuary  | Offered knowledge of Flame Tongue by Vehumet.
  5694 | Ossuary  | Learned a level 1 spell: Flame Tongue
  5716 | Ossuary  | Reached ** piety under Vehumet
  6002 | D:7      | Found a shimmering altar of Xom.
  6066 | D:7      | Reached skill level 9 in Conjurations
  6276 | D:7      | Reached skill level 5 in Charms
  6301 | D:7      | Found a staircase to the Ecumenical Temple.
  6405 | D:7      | Found a sparkling altar of Nemelex Xobeh.
  6438 | D:7      | Found a shadowy altar of Dithmenos.
  6467 | D:7      | Reached skill level 1 in Fire Magic
  6649 | D:7      | Reached XP level 9. HP: 23/49 MP: 21/22
  6777 | D:7      | Reached skill level 5 in Dodging
  6921 | D:8      | Offered knowledge of Stone Arrow by Vehumet.
  7184 | D:8      | Reached *** piety under Vehumet
  7192 | D:8      | Found an iron altar of Okawaru.
  7272 | D:8      | Reached skill level 10 in Conjurations
  7474 | D:8      | Found a staircase to the Lair.
  7712 | D:8      | Offered knowledge of Force Lance by Vehumet.
  7830 | D:8      | Reached XP level 10. HP: 49/56 MP: 19/24
  7974 | D:8      | Learned a level 4 spell: Force Lance
  8142 | D:8      | Reached skill level 1 in Translocations
  8206 | D:8      | Reached skill level 1 in Shields
  8243 | D:8      | Reached **** piety under Vehumet
  8747 | D:9      | Noticed an ice statue
  8843 | D:9      | Killed an ice statue
  8891 | D:9      | Found a basalt altar of Yredelemnul.
  8900 | D:9      | Noticed PeterLawrence's ghost (novice MiFi)
  9285 | D:6      | Killed Joat's ghost
  9285 | D:6      | Reached skill level 11 in Conjurations
  9657 | D:10     | Entered Level 10 of the Dungeon
  9658 | D:10     | Noticed Urug
  9667 | D:10     | Killed Urug
  9941 | D:10     | Offered knowledge of Bolt of Magma by Vehumet.
 10362 | D:10     | Found a burning altar of Makhleb.
 10401 | D:10     | Noticed a hornet
 10403 | D:10     | Killed a hornet
 11377 | D:11     | Reached XP level 11. HP: 62/62 MP: 26/26
 11502 | D:11     | Reached skill level 5 in Fire Magic
 11738 | D:11     | Noticed a hill giant
 11748 | D:11     | Killed a hill giant
 12238 | D:11     | Reached ***** piety under Vehumet
 12245 | D:11     | Found a staircase to the Orcish Mines.
 12275 | D:11     | Offered knowledge of Sticky Flame by Vehumet.
 12277 | D:11     | Reached skill level 12 in Conjurations
 12403 | D:11     | Noticed a brown ugly thing
 12411 | D:11     | Killed a brown ugly thing
 12502 | D:11     | Noticed a hill giant
 12507 | D:11     | Killed a hill giant
 12549 | D:11     | Reached skill level 5 in Fighting
 12860 | D:12     | Noticed a death knight
 13190 | D:11     | Reached skill level 10 in Spellcasting
 13214 | D:12     | Noticed a green ugly thing
 13220 | D:12     | Killed a green ugly thing
 13398 | Lair:1   | Entered Level 1 of the Lair of Beasts
 13426 | Lair:1   | Noticed a five-headed hydra
 13429 | Lair:1   | Killed a five-headed hydra
 13799 | Lair:1   | Found a frozen archway.
 13825 | IceCv    | Entered an ice cave
 13866 | IceCv    | Reached XP level 12. HP: 63/68 MP: 23/28
 13889 | IceCv    | Offered knowledge of Airstrike by Vehumet.
 14974 | Lair:2   | Reached skill level 5 in Translocations
 15325 | Lair:2   | Noticed a four-headed hydra
 15333 | Lair:2   | Killed a four-headed hydra
 15377 | Lair:2   | Noticed Nergalle
 15383 | Lair:2   | Killed Nergalle
 15383 | Lair:2   | Reached skill level 10 in Charms
 15497 | Lair:2   | Reached skill level 13 in Conjurations
 15797 | Lair:3   | Learned a level 5 spell: Fireball
 16187 | Lair:3   | Noticed a four-headed hydra
 16191 | Lair:3   | Killed a four-headed hydra
 16283 | Lair:3   | Noticed a catoblepas
 16289 | Lair:3   | Killed a catoblepas
 17084 | Lair:4   | Gained mutation: Your natural rate of healing is unusually fast. [potion of mutation]
 17084 | Lair:4   | Gained mutation: You are occasionally teleported next to monsters. [potion of mutation]
 17084 | Lair:4   | Gained mutation: Your body sometimes deteriorates upon taking damage. [potion of mutation]
 17406 | Lair:4   | Noticed a seven-headed hydra
 17412 | Lair:4   | Killed a seven-headed hydra
 17511 | Lair:4   | Noticed a four-headed hydra
 17524 | Lair:4   | Killed a four-headed hydra
 17524 | Lair:4   | Reached XP level 13. HP: 74/74 MP: 12/30
 17582 | Lair:4   | Found a hole to the Spider Nest.
 17880 | Lair:4   | Reached ****** piety under Vehumet
 18051 | Lair:4   | Offered knowledge of Poison Arrow by Vehumet.
 18385 | Lair:5   | Reached skill level 10 in Dodging
 18494 | Lair:5   | Reached skill level 14 in Conjurations
 18631 | Lair:5   | Noticed Maud
 18641 | Lair:5   | Killed Maud
 18950 | Lair:5   | Found a staircase to the Shoals.
 19568 | Lair:6   | Found a staircase to the Slime Pits.
 19651 | Lair:6   | Noticed Snorg
 19655 | Lair:6   | Killed Snorg
 20196 | Lair:6   | Got a fine ring mail
 20200 | Lair:6   | Identified the +1 ring mail of Akar {MR+} (You found it on level 6 of the Lair of Beasts)
 20443 | Lair:7   | Noticed Nessos
 20458 | Lair:7   | Killed Nessos
 20746 | Lair:7   | Reached XP level 14. HP: 82/82 MP: 32/32
 20755 | Lair:7   | Offered knowledge of Bolt of Fire by Vehumet.
 21280 | Lair:1   | Learned a level 6 spell: Bolt of Fire
 21426 | Lair:7   | Reached skill level 15 in Conjurations
 21663 | Lair:8   | Entered Level 8 of the Lair of Beasts
 21933 | Lair:8   | Noticed nikopol's ghost (journeyman MiBe)
 22269 | Lair:8   | Offered knowledge of Delayed Fireball by Vehumet.
 22283 | Lair:8   | Learned a level 7 spell: Delayed Fireball
 23377 | D:9      | Noticed Prince Ribbit
 23383 | D:9      | Killed Prince Ribbit
 23454 | D:9      | Found an oddly glowing altar of Pakellas.
 23777 | D:9      | Found a basalt altar of Yredelemnul.
 23873 | D:9      | Killed PeterLawrence's ghost
 23968 | Orc:1    | Entered Level 1 of the Orcish Mines
 23972 | Orc:1    | Offered knowledge of Orb of Destruction by Vehumet.
 24055 | Orc:1    | Noticed Erolcha
 24060 | Orc:1    | Killed Erolcha
 24112 | Orc:1    | Found a roughly hewn altar of Beogh.
 24334 | Orc:2    | Entered Level 2 of the Orcish Mines
 24334 | Orc:2    | Found a staircase to the Elven Halls.
 24334 | Orc:2    | Noticed Josephine
 24391 | Orc:2    | Found a roughly hewn altar of Beogh.
 24478 | Orc:2    | Killed Josephine
 24860 | Orc:2    | Found a roughly hewn altar of Beogh.
 24949 | Orc:2    | Noticed an orc warlord
 24955 | Orc:2    | Killed an orc warlord
 24955 | Orc:2    | Reached XP level 15. HP: 89/89 MP: 23/34
 25103 | Orc:2    | Found a roughly hewn altar of Beogh.
 25103 | Orc:2    | Found Abek's Antique Weapon Shoppe.
 25105 | Orc:2    | Found Rafofuda's Antique Armour Emporium.
 25119 | Orc:2    | Bought a runed robe for 20 gold pieces
 25201 | Orc:2    | Found a roughly hewn altar of Beogh.
 25204 | Orc:2    | Reached skill level 16 in Conjurations
 25209 | Orc:2    | Found Tiritute's Antique Weapon Shoppe.
 25276 | Orc:2    | Found a roughly hewn altar of Beogh.
 25280 | Orc:2    | Offered knowledge of Iron Shot by Vehumet.
 25288 | Orc:2    | Found Qyaps's Antique Armour Shoppe.
 25410 | Orc:2    | Found a roughly hewn altar of Beogh.
 25462 | Orc:2    | Found a roughly hewn altar of Beogh.
 25561 | Orc:1    | Reached skill level 10 in Fire Magic
 26065 | D:12     | Gained mutation: Your body often deteriorates upon taking damage. [potion of mutation]
 26385 | D:12     | Lost mutation: Your body often deteriorates upon taking damage. [potion of cure mutation]
 26385 | D:12     | Lost mutation: Your body sometimes deteriorates upon taking damage. [potion of cure mutation]
 26385 | D:12     | Lost mutation: You are occasionally teleported next to monsters. [potion of cure mutation]
 26385 | D:12     | Lost mutation: Your natural rate of healing is unusually fast. [potion of cure mutation]
 26386 | D:12     | Gained mutation: You possess an exceptional clarity of mind. [potion of beneficial mutation]
 26783 | D:13     | Learned a level 6 spell: Iron Shot
 26858 | D:13     | Gained mutation: Armour fits poorly on your strangely shaped body. [mutagenic meat]
 26975 | D:13     | Gained mutation: You have a pair of small antennae on your head. [mutagenic meat]
 26976 | D:13     | Gained mutation: You occasionally shout uncontrollably at your foes. [mutagenic meat]
 27282 | D:13     | Offered knowledge of Lehudib's Crystal Spear by Vehumet.
 27282 | D:13     | Offered knowledge of Fire Storm by Vehumet.
 27282 | D:13     | Offered knowledge of Chain Lightning by Vehumet.
 27363 | D:14     | Found a gate to the Vaults.
 27720 | D:14     | Got an ivory spear
 27721 | D:14     | Identified the cursed +2 spear "Ageosisu" {venom, rC+ Int+2 Dex+2} (You found it on level 14 of the Dungeon)
 28079 | D:14     | Found Oremped's Food Shop.
 28212 | D:14     | Reached skill level 10 in Fighting
 28696 | D:15     | Entered Level 15 of the Dungeon
 29167 | D:15     | Reached XP level 16. HP: 94/97 MP: 26/36
 29219 | D:15     | Identified 2 scrolls of acquirement
 29509 | Lair:1   | Identified the Guide on Protection (You acquired it on level 1 of the Lair of Beasts)
 29614 | Shoals:1 | Entered Level 1 of the Shoals
 29924 | Shoals:1 | Reached skill level 17 in Conjurations
 29986 | Shoals:1 | HP: 3/98 [manticore/volley of spikes (16)]
 32228 | Shoals:4 | Entered Level 4 of the Shoals
 32285 | Shoals:4 | Noticed Ilsuiw
 32641 | Shoals:4 | Slain by a merfolk

Skill      XL: |  1  2  3  4  5  6  7  8  9 10 11 12 13 14 15 16 |
---------------+-------------------------------------------------+-----
Conjurations   | 5 6 7 8 9 10 11 12 13 14 15 16 17 | 17.3
Spellcasting   | 4 5 6 7 8 9 10 11 12 13 14 | 14.9
Charms         | 1 3 4 5 7 8 9 10 | 10.0
Dodging        | 3 4 6 7 8 9 10 12 13 | 13.4
Fighting       | 1 2 3 4 5 6 7 8 10 | 10.8
Fire Magic     | 1 3 4 6 7 8 9 10 11 | 11.4
Translocations | 3 4 6 7 |  7.7
Shields        | 2 3 4 |  4.4
Stealth        | |  2.4

Action                   |  1- 3 |  4- 6 |  7- 9 | 10-12 | 13-15 | 16-18 || total
-------------------------+-------+-------+-------+-------+-------+-------++-------
Melee: Short sword       |     2 |     5 |       |       |       |       ||     7
       Staff             |       |       |     5 |     4 |    11 |    28 ||    48
 Cast: Magic Dart        |    67 |   157 |   317 |   498 |   366 |     4 ||  1409
       Iskenderun's Batt |       |     4 |    37 |   108 |   146 |    31 ||   326
       Iskenderun's Myst |       |       |     2 |   124 |   429 |   130 ||   685
       Force Lance       |       |       |       |    19 |    25 |     3 ||    47
       Fireball          |       |       |       |     5 |    43 |     5 ||    53
       Bolt of Fire      |       |       |       |       |    70 |    11 ||    81
       Delayed Fireball  |       |       |       |       |     1 |       ||     1
  Use: Scroll            |       |       |       |    14 |     8 |     3 ||    25
       Potion            |       |       |       |    14 |     3 |     3 ||    20
 Stab: Sleeping          |       |     1 |       |       |       |       ||     1
  Eat: Chunk             |       |     8 |    22 |    45 |    73 |    11 ||   159
       Beef jerky        |       |       |     1 |     4 |     1 |     2 ||     8
       Fruit             |       |       |       |     2 |       |     1 ||     3
       Pizza             |       |       |       |     1 |       |       ||     1
Armor: Robe              |    10 |     3 |     5 |    11 |    16 |     2 ||    47
Dodge: Dodged            |    17 |    14 |    54 |    96 |   147 |    38 ||   366
Block: Buckler           |       |       |       |    40 |    48 |    15 ||   103
